 Seeded DCSS version 0.30-a0-918-g0ff054e9dc (webtiles) character file.

Game seed: 3125986916090331667 (custom seed)

28 Parcival the Covered (level 3, 33/33 HPs)
             Began as a Minotaur Fighter on Mar 20, 2023.
             Quit the game on level 1 of the Dungeon.
             The game lasted 00:02:18 (686 turns).

Parcival the Covered (Minotaur Fighter)              Turns: 686, Time: 00:02:19

Health: 33/33      AC:  7    Str: 22    XL:     3   Next: 0%
Magic:  2/2        EV:  9    Int:  5    God:
Gold:   43         SH:  0    Dex:  9    Spells: 2/2 levels left

rFire   . . .      SeeInvis .    e - +0 executioner's axe (vamp)
rCold   . . .      Faith    .    (shield currently unavailable)
rNeg    . . .      Spirit   .    b - +0 scale mail
rPois   .          Reflect  .    (helmet restricted)
rElec   .          Rampage  .    (no cloak)
rCorr   .                        (no gloves)
Will    .....                    (no boots) Stlth
                                 f - amulet of magic regeneration
HPRegen 0.25/turn                (no ring)
MPRegen 0.48/turn                (no ring)

@: no status effects
A: horns 2, retaliatory headbutt
a: no special abilities


You were on level 1 of the Dungeon.
You visited 1 branch of the dungeon, and saw 1 of its levels.

You collected 43 gold pieces.

Inventory:

Hand Weapons
 a - a +0 war axe
 e - a +0 vampiric executioner's axe (weapon)
Armour
 b - a +0 scale mail (worn)
Jewellery
 f - an amulet of magic regeneration (around neck)
 g - a +6 ring of strength
Scrolls
 i - a scroll of identify {unknown}
 j - a scroll of brand weapon {unknown}
Potions
 d - a potion of might
 h - a potion of heal wounds {unknown}


   Skills:
 + Level 4.1 Fighting
 + Level 2.8 Axes
 + Level 4.1 Armour
 + Level 3.9 Shields


You had 2 spell levels left.
You didn't know any spells.
Your spell library was empty.

Dungeon Overview and Level Annotations

Branches:
Dungeon (1/15)

Altars:


Innate Abilities, Weirdness & Mutations

You have a pair of horns on your head.
You reflexively headbutt those who attack you in melee.


Message History

You have reached level 3!
Your experience leads to an increase in your attributes!
Increase (S)trength, (I)ntelligence, or (D)exterity?
You feel stronger. x2
You see here a +0 robe.
Done exploring.
Done exploring.
Done exploring.
You open the door.
There is an open door here.
You hit the plant.
The plant begins to die.
The plant is lightly damaged.
Done exploring.
This is a scroll of acquirement!
Something appears at your feet!
You slash the plant! You headbutt the plant!
The plant is lightly damaged.
You barely miss the butterfly.
Done exploring.
There is an open door here.
A nearby plant withers and dies.
You see here a +0 vampiric executioner's axe.
You can't wield that with only one hand.
Done exploring.
You drop a scroll labelled WET RICICU.
Okay, then.
Okay, then.
There is an open door here.
Things that are here:
a scroll labelled WET RICICU; a +0 vampiric executioner's axe
e - a +0 vampiric executioner's axe;
j - a scroll labelled WET RICICU
There is an open door here.
You start removing your armour.
You continue taking off your +0 buckler. x4
You finish taking off your +0 buckler.
You drop a +0 buckler.
You feel a sense of dread.
e - a +0 vampiric executioner's axe (weapon)
Done exploring.
Unknown command.
Are you sure you want to abandon this character and quit the game? (Confirm with "yes".)

#.....^(# #.....# #.####..###
#.......# #.....# #.####..#
#.#.###.###.....###.##....#
#.......##...).).##.##.##.#
###.######.##.##.##.##.##.#
#.##.....##.##.##.......# #
#.##.###.##.....####.########
# #.##.###†#####..#
#.##...÷.. #
#...........@...####.....####
#
####.###...[.#........#...###
# #............#####......##
# ####.###'###.## #.#...### #
##.##~~.~~##.## #.#..#### #
#.##~.....~##.# #........
##### #.#~.P.8bP.~#.#
##.#.###. ....#
##.#~.b.♣.b.~#.## #.#.###.
###.####..+.P..)..P.+..#
#.#..##.


There were no monsters in sight!

Vanquished Creatures
  A gnoll (D:1)
  3 endoplasms (D:1)
  5 goblins (D:1)
  A hobgoblin (D:1)
  3 kobolds (D:1)
  2 ball pythons (D:1)
  2 bats (D:1)
  2 rats (D:1)
19 creatures vanquished.

Vanquished Creatures (others)
  A plant (D:1)
1 creature vanquished.

Grand Total: 20 creatures vanquished

Notes
Turn   | Place    | Note
-------+----------+-------------------------------------------
     0 | D:1      | Parcival the Minotaur Fighter began the quest for the Orb.
     0 | D:1      | Reached XP level 1. HP: 19/19 MP: 0/0
   249 | D:1      | Reached XP level 2. HP: 26/27 MP: 1/1
   606 | D:1      | Reached XP level 3. HP: 33/33 MP: 2/2
   666 | D:1      | Identified a scroll of acquirement
   666 | D:1      | Acquired a +0 vampiric executioner's axe
   686 | D:1      | Quit the game

Illustrated notes

Levels and vault maps discovered:
D:1:      amcnicky_arrival_single_pillar, layout_loops_cross,
          hangedman_glass_garden

Skill      XL: |  1  2 |
---------------+-------+-----
Armour         | 4 |  4.1
Fighting       | 4 |  4.1
Axes           | |  2.8
Shields        | |  3.9

Action                     || total
---------------------------++-------
  Melee: War axe           ||    42
         Headbutt          ||     5
    Use: Scroll            ||     1
 Armour: Scale mail        ||    21
  Dodge: Dodged            ||    18
  Block: Buckler           ||    10

Table legend: (Time is in decaauts)
 A = Elapsed time spent in this place.
 B = Non-inter-level travel time spent in this place.
 C = Inter-level travel time spent in this place.
 D = Time resting spent in this place.
 E = Time spent auto-exploring this place.
 F = Levels seen in this place.
 G = Mean time per level.
                   A        B        C        D        E       F      G
               +--------+--------+--------+--------+--------+-----+--------+
         Total |    702 |    684 |     18 |      0 |    489 |   1 |  702.0 |
       Dungeon |    702 |    684 |     18 |      0 |    489 |   1 |  702.0 |
               +--------+--------+--------+--------+--------+-----+--------+

Top non-repeatable levels by time:
     D:1: 702 daAuts
